 Dungeon Crawl Stone Soup version 0.30-a0-313-gae38170b09 (webtiles) character file.

Game seed: 7958447960181112221

129 NinjaNoafa the Cutter (level 5, -1/41 HPs)
             Began as a Merfolk Monk on Oct 26, 2022.
             Slain by an orc
             ... wielding a +0 mace
              (2 damage)
             ... on level 3 of the Dungeon.
             The game lasted 00:06:55 (2272 turns).

NinjaNoafa the Cutter (Merfolk Monk)                Turns: 2272, Time: 00:06:56

Health: -1/41      AC:  3    Str: 11    XL:     5   Next: 12%
Magic:  5/5        EV: 12    Int:  9    God:
Gold:   103        SH: 10    Dex: 19    Spells: 4/4 levels left

rFire   . . .      SeeInvis .    n - +0 rapier
rCold   . . .      Faith    .    k - +0 kite shield
rNeg    . . .      Spirit   .    b - +0 robe
rPois   .          Reflect  .    (no helmet)
rElec   .          Harm     .    g - +0 cloak
rCorr   .          Rampage  .    (no gloves)
Will    .....                    (no boots)
Stlth   ++........               (no amulet)
HPRegen 0.26/turn                (no ring)
MPRegen 0.09/turn                (no ring)

@: lethally poisoned (-1 -> -11)
A: (nimble swimmer 2), mertail
a: no special abilities


You were on level 3 of the Dungeon.
You visited 1 branch of the dungeon, and saw 3 of its levels.

You collected 169 gold pieces.
You spent 66 gold pieces at shops.

Inventory:

Hand Weapons
 n - a +0 rapier (weapon)
Missiles
 f - 19 stones
 j - 18 poisoned darts (quivered)
 t - 5 javelins
Armour
 b - a +0 robe (worn)
 g - a +0 cloak (worn)
 k - a +0 kite shield (worn)
Scrolls
 a - a scroll of blinking {unknown}
 d - a scroll of butterflies {unknown}
 h - a scroll of immolation {unknown}
 i - a scroll of noise {unknown}
 m - a scroll of fear {unknown}
 o - a scroll of torment
 p - a scroll of vulnerability {unknown}
 q - a scroll of identify {unknown}
 r - a scroll of summoning {unknown}
 s - a scroll of enchant weapon {unknown}
Potions
 c - a potion of ambrosia
 e - 4 potions of curing
 l - a potion of degeneration


   Skills:
 - Level 3.2 Fighting
 - Level 5.0 Short Blades
 - Level 4.0 Dodging
 - Level 2.1 Stealth
 + Level 3.6 Shields


You had 4 spell levels left.
You didn't know any spells.
Your spell library contained the following spells:

 Spells                   Type           Power      Damage    Failure   Level
 Necrotise                Necr           0%         1d4       77%         1
 Ensorcelled Hibernation  Hex/Ice        0%         N/A       88%         2
 Passwall                 Tmut/Erth      0%         N/A       88%         2
 Sublimation of Blood     Necr           0%         N/A       88%         2
 Swiftness                Air            0%         N/A       98%         3
 Vampiric Draining        Necr           0%         2d6       98%         3
 Petrify                  Tmut/Erth      0%         N/A       100%        4
 Agony                    Necr           0%         N/A       100%        5
 Irradiate                Conj/Tmut      0%         3d11      100%        5


Dungeon Overview and Level Annotations

Branches:
Dungeon (3/15)

Altars:
Kikubaaqudgha
Xom

Shops:
D:1 !

Annotations:
D:3 1 runed translucent door, Crazy Yiuf


Innate Abilities, Weirdness & Mutations

((You are very nimble when in or above water. (Stealth+, EV+, Speed+++)))
Your lower body shifts to a powerful aquatic tail in water.


Message History

An orc comes into view. It is wielding a +0 hand axe.
You block the kobold's attack.
You closely miss the kobold.
The kobold is severely wounded.
The kobold hits you but does no damage. The kobold barely misses you.
You closely miss the kobold.
The kobold is severely wounded.
The kobold closely misses you.
You miss the kobold.
The kobold is severely wounded.
You block the kobold's attack.
You hit the kobold.
You kill the kobold!
You hit the orc.
The orc is heavily wounded.
The orc priest looks encouraged for a moment.
The orc hits you but does no damage.
You are poisoned.
You block the orc's attack.
You hear a shout!
Items here: ( )) [ †.
You hit the orc.
The orc is heavily wounded.
You feel very sick. You block the orc's attack.
The orc hits you with a +0 dagger of venom.
You are more poisoned.
Unknown command.
You hit the orc but do no damage.
The orc is heavily wounded.
You feel very sick. The orc barely misses you. You block the orc's attack.
You barely miss the orc.
The orc is heavily wounded.
You feel very sick.
The orc priest mumbles some strange prayers to Beogh against you.
Beogh smites you!
* * * LOW HITPOINT WARNING * * *
The orc hits you with a +0 mace.
You die...

#...###### #...#
####.####
##.......#
#.....##.#
#..##.##.#
######..##....#
#o............####
#@####..##.#......
#o# #........####


.oo #.......## ##.## #####.### #.# #.# #.# ###.### ... #.....# #.# #.....#
#.....# You could see an orc priest and 3 orcs.

Vanquished Creatures
  3 gnolls (D:2)
  3 adders (D:2)
  2 worms (D:2)
  A dart slug (D:3)
  An orc (D:3)
  2 endoplasms (D:2)
  2 giant cockroaches (D:1)
  7 goblins
  5 hobgoblins
  5 jackals
  5 kobolds
  4 quokkas
  6 ball pythons
  9 bats
  2 frilled lizards
  5 rats (D:2)
62 creatures vanquished.

Vanquished Creatures (others)
  A fungus (D:3)
1 creature vanquished.

Grand Total: 63 creatures vanquished

Notes
Turn   | Place    | Note
-------+----------+-------------------------------------------
     0 | D:1      | NinjaNoafa the Merfolk Monk began the quest for the Orb.
     0 | D:1      | Reached XP level 1. HP: 18/18 MP: 1/1
    77 | D:1      | Reached skill level 4 in Short Blades
   146 | D:1      | Reached XP level 2. HP: 24/24 MP: 2/2
   344 | D:1      | Found Wed Faijip's Distillery.
   774 | D:1      | Found a shimmering altar of Xom.
   823 | D:1      | Bought a potion of degeneration for 11 gold pieces
   823 | D:1      | Bought a potion of heal wounds for 55 gold pieces
   902 | D:2      | Reached skill level 5 in Short Blades
   902 | D:2      | Reached XP level 3. HP: 21/29 MP: 3/3
  1171 | D:2      | Reached skill level 1 in Shields
  1267 | D:2      | Reached XP level 4. HP: 25/35 MP: 4/4
  2047 | D:2      | Reached XP level 5. HP: 41/41 MP: 5/5
  2098 | D:3      | Found a faded altar of an unknown god.
  2112 | D:3      | Found a runed translucent door.
  2113 | D:3      | Noticed Crazy Yiuf
  2188 | D:3      | Found an ancient bone altar of Kikubaaqudgha.
  2272 | D:3      | HP: 1/41 [orc priest/divine providence (12)]
  2272 | D:3      | Slain by an orc

Illustrated notes

Levels and vault maps discovered:
D:1:      dpeg_arrival_lava_altar, layout_basic, serial_shops, shop,
          minmay_pentomino_r4
D:2:      layout_loops_ring, minmay_fractal_squares_gapless_5
D:3:      layout_loops_cross, nicolae_wu_jian_glorious_leap,
          kiku_gazebo_garden_becter, basic_ecumenical_altar,
          uniq_crazy_yiuf_cottage

Skill      XL: |  1  2  3  4 |
---------------+-------------+-----
Short Blades   | 4 5 |  5.0
Shields        | 2 3 |  3.6
Fighting       | |  3.2
Dodging        | |  4.0
Stealth        | |  2.1

Action                   |  1- 3 |  4- 6 || total
-------------------------+-------+-------++-------
Melee: Short sword       |    77 |       ||    77
       Rapier            |    53 |   115 ||   168
Throw: Dart              |       |     1 ||     1
  Use: Potion            |     3 |       ||     3
       Scroll            |       |     2 ||     2
 Stab: Sleeping          |     5 |     4 ||     9
       Invisible         |     1 |     2 ||     3
Armor: Robe              |    41 |    22 ||    63
Dodge: Dodged            |   103 |    47 ||   150
Block: Kite shield       |    24 |    58 ||    82

Table legend: (Time is in decaauts)
 A = Elapsed time spent in this place.
 B = Non-inter-level travel time spent in this place.
 C = Inter-level travel time spent in this place.
 D = Time resting spent in this place.
 E = Time spent auto-exploring this place.
 F = Levels seen in this place.
 G = Mean time per level.
                   A        B        C        D        E       F      G
               +--------+--------+--------+--------+--------+-----+--------+
         Total |   2277 |   2122 |    155 |      0 |   1489 |   3 |  759.0 |
       Dungeon |   2277 |   2122 |    155 |      0 |   1489 |   3 |  759.0 |
               +--------+--------+--------+--------+--------+-----+--------+

Top non-repeatable levels by time:
     D:2: 1221 daAuts
     D:1: 832 daAuts
     D:3: 223 daAuts
